 Dungeon Crawl Stone Soup version 0.16.2-12-gd0ad4c3 (webtiles) character file.

107 dearth the Covered (level 4, -9/40 HPs)
             Began as a Minotaur Fighter on Sept 25, 2015.
             Killed from afar by Ijyb (19 damage)
             ... with a wand of draining
             ... on level 3 of the Dungeon.
             The game lasted 00:03:54 (1474 turns).

dearth the Covered (Minotaur Fighter)               Turns: 1474, Time: 00:03:54

Health: -9/40      AC:  6    Str: 22    XL:     4   Next: 56%
Magic:  2/2        EV:  7    Int:  5    God:
Gold:   152        SH:  9    Dex:  9    Spells: 0 memorised, 3 levels left

rFire  . . .     SeeInvis .     a - +0 flail
rCold  . . .     Clarity  .     b - +0 scale mail
rNeg   . . .     SustAb   .     c - +0 shield
rPois  .         Gourm    .     (helmet restricted)
rElec  .         Spirit   .     (no cloak)
rCorr  .         Warding  .     (no gloves)
rMut   .         Stasis   .     (no boots)
MR     .....                    (no amulet)
Stlth  ..........               (no ring)
                                (no ring)

@: heavily drained, not resistant to hostile enchantments, extremely unstealthy
A: retaliatory headbutt, horns 2
a: no special abilities


You were on level 3 of the Dungeon.
You were not hungry.

You visited 1 branch of the dungeon, and saw 3 of its levels.

You collected 152 gold pieces.

Inventory:

Hand weapons
 a - a +0 flail (weapon)
Armour
 b - a +0 scale mail (worn)
 c - a +0 shield (worn)
Jewellery
 r - an uncursed ring of flight {unknown}
Scrolls
 f - 2 scrolls of teleportation {unknown}
 h - a scroll of blinking {unknown}
 k - a scroll of immolation {unknown}
 l - a scroll of random uselessness {unknown}
 n - a scroll of fog {unknown}
 o - a scroll of enchant weapon {unknown}
 q - a scroll of identify {unknown}
Potions
 e - a potion of might
 g - 4 potions of heal wounds {unknown}
 i - 4 potions of curing {unknown}
 m - a potion of resistance {unknown}
 p - a potion of restore abilities {unknown}
Comestibles
 d - 2 bread rations
 j - 4 fruits
 s - a meat ration


   Skills:
 + Level 4.3(2.7) Fighting
 * Level 3.8(2.2) Maces & Flails
 + Level 4.5(2.9) Armour
 + Level 4.4(2.8) Shields


You had 3 spell levels left.
You didn't know any spells.

Dungeon Overview and Level Annotations

Branches:
Dungeon (3/15)

Altars:
Qazlal
Trog
Xom

Annotations:
D:3 Ijyb


Innate Abilities, Weirdness & Mutations

You reflexively headbutt those who attack you in melee.
You have a pair of horns on your head.


Message History

Found 24 sling bullets.
Found a stone staircase leading down.
Found an escape hatch in the ceiling.
Found 14 gold pieces.
i - 4 coppery potions (gained 1) Ijyb the Twisted Goblin comes into view.
Found a shiny copper wand.
You see here a pink potion.
Found 20 stones.
Ijyb zaps a wand.
The bolt of negative energy hits you!
You feel drained.
It is a wand of draining.
Ijyb zaps a wand.
The bolt of negative energy hits you!
You feel drained.
* * * LOW HITPOINT WARNING * * *
You miss Ijyb. You headbutt Ijyb!
Ijyb is moderately wounded.
Ijyb screams, "You nasty!
Big nasty!"
You block Ijyb's attack.
You thump Ijyb! Your headbutt misses Ijyb.
Ijyb is heavily wounded.
Ijyb zaps a wand.
The bolt of negative energy hits you!
You feel drained.
You die...

######## ##......## .
###...../.(###..
....(..........#
#......<$..#
##.....g@..##### ####
####................
#...
.......#..#...#####
#.####(...##....###
##......##...!..)..#
##..###..........#..#
##>##
####......###... ##.#
#>..........# ##.#
#......####.


You could see Ijyb.

Vanquished Creatures
  Crazy Yiuf (D:2)
  3 adders
  3 giant geckos
  An ooze (D:3)
  3 goblins (D:1)
  11 hobgoblins
  A kobold (D:1)
  3 quokkas (D:2)
  A ball python (D:2)
  8 bats
  2 giant cockroaches
  2 giant newts (D:1)
  5 rats
  5 ballistomycetes (D:2)
49 creatures vanquished.

Vanquished Creatures (others)
  A giant spore (D:2)
1 creature vanquished.

Grand Total: 50 creatures vanquished

Notes
Turn   | Place    | Note
--------------------------------------------------------------
     0 | D:1      | dearth, the Minotaur Fighter, began the quest for the Orb.
     0 | D:1      | Reached XP level 1. HP: 19/19 MP: 1/1
   146 | D:1      | Reached XP level 2. HP: 14/27 MP: 1/1
   514 | D:1      | Reached skill level 4 in Armour
   656 | D:2      | Noticed Crazy Yiuf
   664 | D:2      | Killed Crazy Yiuf
   664 | D:2      | Reached XP level 3. HP: 33/33 MP: 2/2
   709 | D:2      | Found a bloodstained altar of Trog.
   783 | D:2      | Reached XP level 4. HP: 40/40 MP: 2/2
   845 | D:2      | Found a shimmering altar of Xom.
   956 | D:2      | Found a stormy altar of Qazlal.
  1468 | D:3      | Noticed Ijyb
  1474 | D:3      | Killed from afar by Ijyb

Action                   |  1- 3 |  4- 6 || total
-------------------------+-------+-------++-------
Melee: Flail             |    66 |    67 ||   133
  Eat: Fruit             |       |     1 ||     1
       Chunk             |       |     1 ||     1
